 Dungeon Crawl Stone Soup version 0.20.1-1-g8b1a95d66d (webtiles) character file.

133 Ashiichan the Skirmisher (level 5, -3/46 HPs)
             Began as a Ghoul Monk on Dec 24, 2017.
             Slain by a sky beast (6 damage)
             ... on level 3 of the Dungeon.
             The game lasted 00:09:47 (2357 turns).

Ashiichan the Skirmisher (Ghoul Monk)               Turns: 2357, Time: 00:09:47

Health: -3/46      AC:  4    Str: 15    XL:     5   Next: 16%
Magic:  4/4        EV: 13    Int:  5    God:
Gold:   146        SH:  0    Dex: 12    Spells: 4/4 levels left

rFire    + . .     SeeInvis .     - Unarmed
rCold    . . .     Gourm    .   (no shield)
rNeg     + + +     Faith    .   a - +2 robe
rPois    ∞         Spirit   .   (no helmet)
rElec    .         Reflect  .   (no cloak)
rCorr    .         Harm     +   (no gloves)
MR       .....                  (no boots)
Stlth    ++........             l - amulet of harm
Regen    0.0/turn               o - ring of fire
MPRegen  0.1/turn               (no ring)

@: rotting
A: rotting body, claws 1, carnivore 3, cold resistance 1, negative energy
resistance 3, inhibited regeneration, torment resistance, unbreathing
a: no special abilities


You were on level 3 of the Dungeon.
You were not hungry.

You visited 1 branch of the dungeon, and saw 3 of its levels.

You collected 146 gold pieces.

Inventory:

Hand Weapons
 s - a +0 blowgun
Missiles
 t - 20 poisoned needles
Armour
 a - a +2 robe (worn)
Jewellery
 l - an amulet of harm (around neck)
 o - a ring of fire (left claw)
 p - an uncursed ring of teleportation
 q - an uncursed ring of magical power
Scrolls
 d - a scroll of enchant weapon {unknown}
 j - 5 scrolls of amnesia
Comestibles
 b - 2 meat rations
 f - 5 bread rations
 h - 4 chunks of flesh


   Skills:
 + Level 4.1 Fighting
 * Level 3.8 Dodging
 + Level 3.5 Stealth
 * Level 3.9 Unarmed Combat


You had 4 spell levels left.
You didn't know any spells.

Dungeon Overview and Level Annotations

Branches:
Dungeon (3/15)

Altars:


Innate Abilities, Weirdness & Mutations

Your body is rotting away.
You thrive on raw meat.
You are immune to poison.
You have sharp fingernails.
You are carnivorous and can eat meat at any time.
Your flesh is cold resistant. (rC+)
You are immune to negative energy. (rN+++)
You do not regenerate when monsters are visible.
You are immune to unholy pain and torment.
You can survive without breathing.


Message History

The sky beast closely misses you.
You scratch the sky beast.
The sky beast is severely wounded.
The sky beast hits you. The sky beast shocks you.
* * * LOW HITPOINT WARNING * * *
You scratch the sky beast but do no damage.
The sky beast is severely wounded.
The sky beast hits you but does no damage.
You completely miss the sky beast.
The sky beast is severely wounded.
The sky beast hits you.
* * * LOW HITPOINT WARNING * * *
The sky beast shocks you.
* * * LOW HITPOINT WARNING * * *
You scratch the sky beast but do no damage.
The sky beast is severely wounded.
The sky beast hits you.
* * * LOW HITPOINT WARNING * * *
The sky beast shocks you.
You die...

####..........#
#####).....# #......#
##### #......# #....
####.### #.###
##########'### #.#
.............####.# .
..####Y..###..).'....#
.........@...<)...######
..#####.#÷....####
..............#
####<.#†#.....#
#....#.#........ #
#......#..#.####
###.#....).#..#...
................###.
####........#.....


You could see a sky beast.

Vanquished Creatures
  A hound (D:3)
  2 adders (D:3)
  2 worms (D:2)
  4 dart slugs
  8 bats
  7 giant cockroaches
  8 goblins
  11 hobgoblins
  4 jackals (D:1)
  2 ball pythons
  A frilled lizard (D:3)
  10 kobolds
  7 rats
67 creatures vanquished.

Vanquished Creatures (others)
  4 toadstools (D:1)
4 creatures vanquished.

Grand Total: 71 creatures vanquished

Notes
Turn   | Place    | Note
-------+----------+-------------------------------------------
     0 | D:1      | Ashiichan the Ghoul Monk began the quest for the Orb.
     0 | D:1      | Reached XP level 1. HP: 19/19 MP: 0/0
   235 | D:1      | Reached XP level 2. HP: 24/26 MP: 1/1
   488 | D:1      | Reached XP level 3. HP: 26/31 MP: 2/2
  1649 | D:3      | Reached XP level 4. HP: 19/38 MP: 3/3
  2146 | D:3      | Reached skill level 4 in Fighting
  2146 | D:3      | Reached XP level 5. HP: 24/46 MP: 4/4
  2315 | D:3      | Noticed a sky beast
  2357 | D:3      | Slain by a sky beast

Skill      XL: |  1  2  3  4 |
---------------+-------------+-----
Dodging        | 3 |  3.8
Stealth        | 3 |  3.5
Fighting       | 4 |  4.1
Unarmed Combat | |  3.9

Action                   |  1- 3 |  4- 6 || total
-------------------------+-------+-------++-------
Melee: Unarmed           |   157 |    92 ||   249
       Punch             |     1 |     2 ||     3
  Use: Scroll            |       |     5 ||     5
       Potion            |       |     5 ||     5
 Stab: Sleeping          |     6 |     1 ||     7
  Eat: Chunk             |     2 |     8 ||    10
Armor: Robe              |    48 |    13 ||    61
Dodge: Dodged            |   115 |    48 ||   163
